 Dungeon Crawl Stone Soup version 0.30-a0-414-gcb316572d5 (webtiles) character file.

Game seed: 2648165717132469024

13538 porpoise the Fighter (level 12, -3/92 HPs)
             Began as a Djinni Fire Elementalist on Dec 8, 2022.
             Was a High Priest of Makhleb.
             Slain by an elephant (4 damage)
             ... on level 1 of the Lair of Beasts.
             The game lasted 01:06:13 (11159 turns).

porpoise the Fighter (Djinni Fire Elementalist)    Turns: 11159, Time: 01:06:13

Health: -3/92      AC: 13    Str: 14    XL:     12   Next: 33%
Gold:   826        EV: 14    Int: 22    God:    Makhleb [*****.] SH: 10 Dex: 14

rFire   + . .      SeeInvis +    a - +12 whip of Vengeance {venom, Str+7}
rCold   . . .      Faith    .    m - +0 buckler
rNeg    . . .      Spirit   .    G - +1 acid dragon scales
rPois   ∞          Reflect  +    r - +2 helmet "Wiavikh" {rPois}
rElec   .          Harm     .    g - +0 cloak
rCorr   +          Rampage  .    (no gloves)
Will    +....                    (boots unavailable)
Stlth   +.........               F - amulet of reflection
HPRegen 0.35/turn                J - ring of see invisible
MPRegen 0.00/turn                L - ring of ice

@: about to teleport, flying
A: sickness immunity, fire resistance 2, cold vulnerability 1, float, innate
caster, HP casting, extra vitality 1
a: Renounce Religion, Minor Destruction, Lesser Servant of Makhleb, Major
Destruction, Greater Servant of Makhleb


You were on level 1 of the Lair of Beasts.
You worshipped Makhleb.
Makhleb was extremely pleased with you.
You visited 2 branches of the dungeon, and saw 11 of its levels.
You also visited: Bailey.

You collected 826 gold pieces.

Inventory:

Hand Weapons
 a - the +12 whip of Vengeance (weapon) {venom, Str+7}
   (You found it on level 2 of the Dungeon)

   It poisons the flesh of those it strikes.
   Str:       It affects your strength (+7).
 j - a +0 dagger of electrocution
 l - a +2 spectral club
 y - a +3 longbow of draining
Missiles
 f - 14 boomerangs
 E - 12 poisoned darts
 H - 2 boomerangs of dispersal
 I - 6 curare-tipped darts
 P - a throwing net
Armour
 c - a +0 robe
 g - a +0 cloak (worn)
 m - a +0 buckler (worn)
 r - the +2 helmet "Wiavikh" (worn) {rPois}
   (You took it off Robin on level 4 of the Dungeon)

   rPois:     It protects you from poison.
 G - +1 acid dragon scales (worn)
 K - a scarf of shadows
Magical Staves
 D - a staff of cold
Jewellery
 s - a +4 ring of evasion
 F - an amulet of reflection (around neck)
 J - a ring of see invisible (left hand)
 L - a ring of ice (right hand)
Wands
 v - a wand of quicksilver (8)
 O - a wand of polymorph (6)
Scrolls
 b - a scroll of summoning
 d - 9 scrolls of teleportation
 i - a scroll of poison
 k - a scroll of butterflies
 B - 2 scrolls of immolation
 Q - a scroll of acquirement {unknown}
 R - a scroll of magic mapping {unknown}
Potions
 e - 4 potions of curing
 n - 5 potions of resistance
 o - 3 potions of cancellation
 p - 9 potions of heal wounds
 q - 2 potions of brilliance
 t - 2 potions of haste
 u - a potion of berserk rage {unknown}
 w - 2 potions of ambrosia {unknown}
 x - 2 potions of mutation {unknown}
 A - 6 potions of might
 C - 3 potions of lignification
 M - a potion of invisibility {unknown}
 N - a potion of attraction {unknown}
Miscellaneous
 h - a box of beasts
 z - a phantom mirror (inert)


   Skills:
 + Level 10.5 Fighting
 - Level 2.0 Maces & Flails
 - Level 7.0 Armour
 - Level 7.0 Dodging
 - Level 1.5 Stealth
 - Level 5.0 Shields
 + Level 7.2 Spellcasting
 + Level 5.5 Invocations
 - Level 5.0 Evocations


You couldn't memorise any spells.
You knew the following spells:

 Your Spells              Type           Power      Damage    Failure   Level
a - Foxfire               Conj/Fire      100%       2x1d9     1%          1
b - Scorch                Fire           78%        2d8       1%          2
c - Kindle Blastsparks    Fire/Tloc/Air  78%        2d16      1%          3
d - Inner Flame           Hex/Fire       39%        N/A       1%          3
e - Flame Wave            Conj/Fire      39%        2d11      7%          4
f - Freeze                Ice            100%       1d10      1%          1
g - Lesser Beckoning      Tloc           78%        N/A       1%          3
k - Blink                 Tloc           78%        N/A       1%          2
t - Tukima's Dance        Hex            39%        N/A       1%          3
v - Summon Mana Viper     Hex/Summ       39%        N/A       19%         5
Your spell library was empty.

Dungeon Overview and Level Annotations

Branches:
Dungeon (10/15)            Temple (0/1) D:6            Lair (1/5) D:10
    Orc (0/2) D:9          Bailey (visited)

Altars:
Dithmenos
Makhleb
Nemelex Xobeh
Trog
Xom
Zin

Shops:
D:10 :

Annotations:
D:8 /dig x2


Innate Abilities, Weirdness & Mutations

You are immune to sickness and miasma.
You are immune to poison.
Your flesh is very heat resistant. (rF++)
You are vulnerable to cold. (rC-)
You float through the air rather than walking.
You learn spells naturally, not from books.
Your magical power is your life essence.
You have superior vitality. (+4 MHP)


Message History

The flame wave engulfs the elephant.
The elephant is moderately wounded.
The flame wave engulfs the elephant but does no damage.
The elephant is moderately wounded.
The flame wave engulfs the elephant!
The elephant is almost dead.
The flame wave engulfs the fungus!
The fungus is lightly damaged.
A nearby fungus withers and dies.
The elephant tramples you but does no damage.
You block the elephant's attack. The elephant closely misses you.
The elephant misses you. The elephant closely misses you.
The elephant completely misses you. The elephant tramples you.
* * * LOW HITPOINT WARNING * * *
You hold your ground!
The elephant trunk-slaps you but does no damage.
A wave of flame ripples out!
The flame wave engulfs the elephant!
The elephant is moderately wounded.
The flame wave engulfs the elephant!
The elephant is heavily wounded.
The flame wave engulfs the elephant.
The elephant is heavily wounded.
The flame wave engulfs the elephant but does no damage.
The elephant is almost dead.
* * * LOW HITPOINT WARNING * * *
You finish channelling waves of flame.
The elephant tramples you!
* * * LOW HITPOINT WARNING * * *
You hold your ground!
The elephant barely misses you. x2
You block the elephant's attack. The elephant misses you.
The elephant barely misses you. You block the elephant's attack.
The elephant trunk-slaps you but does no damage.
As you read the scroll of teleportation, it crumbles to dust.
You feel strangely unstable. The elephant tramples you!
* * * LOW HITPOINT WARNING * * *
You hold your ground!
The elephant trunk-slaps you but does no damage.
You block the elephant's attack.
The elephant trunk-slaps you but does no damage.
You block the elephant's attack. The elephant trunk-slaps you.
You die...

# ##.# #........## #.##
#.........###
#..####....†.†.†...
####............†.....
..#####.##.........###..#..#
............####...# #..# ##
....$...†....# #...# #..#
..........YY## #.... #..#
..#######.Y@# #. #..##
#.Y..# #...# #....##
##...### ##....# #.......
....... ##...... ........
......#### .####....
.......# ## #?... ........
.......#


You could see 4 elephants.

Vanquished Creatures
  Josephine (D:10)
  A rakshasa (D:10)
  A manticore (D:7)
  2 elephants (Lair:1)
  A dancing weapon (D:8)
  A komodo dragon (Lair:1)
  An unseen horror (D:10)
  A hornet (D:8)
  3 blink frogs (Lair:1)
  2 wyverns
  4 wraiths (D:10)
  2 steam dragons
  22 yaks
  A vampire mosquito (D:7)
  Menkaure (D:7)
  An acid dragon (D:9)
  2 water moccasins
  2 orc warriors
  A sky beast (D:7)
  4 ice beasts
  2 black bears
  2 centaurs (D:7)
  2 phantoms
  A kobold brigand (D:7)
  A gnoll sergeant (D:5)
  6 bullfrogs
  6 scorpions
  7 wights
  9 killer bees
  2 howler monkeys (D:9)
  A jelly (D:7)
  A hound (D:3)
  7 orc wizards
  2 gnoll boudas
  3 iguanas (D:5)
  A mummy (D:7)
  Robin (D:4)
  12 gnolls
  15 adders
  3 shadow imps
  3 white imps
  2 ufetubi
  A worm (D:2)
  5 dart slugs
  28 orcs
  5 ball pythons
  4 endoplasms
  10 giant cockroaches
  14 goblins
  9 hobgoblins
  4 jackals (D:2)
  3 quokkas
  3 bats
  4 frilled lizards
  2 hobgoblin zombies (D:7)
  9 kobolds
  2 kobold zombies (D:7)
  10 rats
  2 butterflies (D:6)
258 creatures vanquished.

Vanquished Creatures (collateral kills)
  A two-headed ogre (D:10)
  A komodo dragon (D:10)
  A troll (D:10)
  A vampire (D:10)
  An orc priest (D:7)
  6 gnolls (Bailey)
  7 orcs (Bailey)
18 creatures vanquished.

Vanquished Creatures (others)
  2 dancing weapons
  2 trolls (D:9)
  A wraith (D:9)
  A human (D:5)
  A centaur (D:9)
  A gnoll sergeant (D:9)
  A howler monkey (D:9)
  2 orc wizards (D:9)
  566 foxfires
  3 fungi (Lair:1)
  17 plants (D:10)
597 creatures vanquished.

Grand Total: 873 creatures vanquished

Notes
Turn   | Place    | Note
-------+----------+-------------------------------------------
     0 | D:1      | porpoise the Djinni Fire Elementalist began the quest for
                  | the Orb.
     0 | D:1      | porpoise set off with the following spells memorised:
                  | Foxfire, Scorch, Kindle Blastsparks, Inner Flame, Flame
                  | Wave.
     0 | D:1      | Reached XP level 1. HP: 15/15 MP: 0/0
   250 | D:1      | Reached skill level 1 in Fighting
   250 | D:1      | Reached XP level 2. HP: 21/22 MP: 0/0
   336 | D:1      | Reached XP level 3. HP: 25/27 MP: 0/0
   336 | D:1      | Learned a level 1 spell: Freeze
   780 | D:2      | Reached skill level 2 in Fighting
   872 | D:2      | Reached XP level 4. HP: 27/33 MP: 0/0
  1037 | D:2      | Identified the +12 whip of Vengeance {venom, Str+7}
  1077 | D:2      | You are sucked into a shaft and drop 2 floors!
  1097 | D:3      | Reached XP level 5. HP: 29/39 MP: 0/0
  1097 | D:3      | Learned a level 2 spell: Blink
  1704 | D:3      | Reached skill level 1 in Maces & Flails
  1720 | D:3      | Reached skill level 3 in Fighting
  2037 | D:3      | Reached XP level 6. HP: 46/46 MP: 0/0
  2357 | D:4      | Identified the +2 helmet "Wiavikh" {rPois}
  2357 | D:4      | Noticed Robin
  2366 | D:4      | Killed Robin
  2695 | D:4      | Found a burning altar of Makhleb.
  2702 | D:4      | Became a worshipper of Makhleb the Destroyer
  2820 | D:4      | Found a sparkling altar of Nemelex Xobeh.
  2972 | D:5      | Entered Level 5 of the Dungeon
  3036 | D:5      | Noticed a human
  3037 | D:5      | Killed a human
  3050 | D:5      | Reached XP level 7. HP: 45/51 MP: 0/0
  3050 | D:5      | Learned a level 3 spell: Lesser Beckoning
  3203 | D:5      | Reached skill level 4 in Fighting
  3203 | D:5      | Reached skill level 1 in Shields
  3499 | D:5      | Reached * piety under Makhleb
  3533 | D:5      | Reached XP level 8. HP: 47/58 MP: 0/0
  3590 | D:5      | Reached skill level 5 in Fighting
  4122 | D:6      | Found a staircase to the Ecumenical Temple.
  4131 | D:6      | Reached skill level 5 in Spellcasting
  4366 | D:6      | Reached skill level 6 in Fighting
  4373 | D:6      | Reached XP level 9. HP: 52/66 MP: 0/0
  4373 | D:6      | Learned a level 3 spell: Tukima's Dance
  4484 | D:6      | Reached ** piety under Makhleb
  4488 | D:6      | Reached skill level 5 in Shields
  4639 | D:6      | Found a bloodstained altar of Trog.
  4958 | D:7      | Reached skill level 7 in Fighting
  5015 | D:7      | Noticed a manticore
  5024 | D:7      | Killed a manticore
  5025 | D:7      | Reached skill level 1 in Armour
  5055 | D:7      | HP: 2/68 [wight/+4 great sword (2)]
  5229 | D:7      | Reached XP level 10. HP: 76/76 MP: 0/0
  5340 | D:7      | Reached *** piety under Makhleb
  5341 | D:7      | Reached skill level 8 in Fighting
  5754 | D:7      | Noticed Menkaure
  5759 | D:7      | Killed Menkaure
  5963 | D:7      | Reached skill level 1 in Invocations
  6911 | D:8      | Reached skill level 5 in Armour
  6912 | D:8      | Killed a +0 dagger
  7050 | D:8      | Found a glowing silver altar of Zin.
  7196 | D:8      | Noticed a kobold demonologist
  7747 | D:9      | Reached skill level 9 in Fighting
  8033 | D:9      | Reached **** piety under Makhleb
  8036 | D:9      | Reached XP level 11. HP: 74/84 MP: 0/0
  8036 | D:9      | Learned a level 5 spell: Summon Mana Viper
  8540 | D:9      | Found a shimmering altar of Xom.
  8637 | D:9      | Reached skill level 5 in Invocations
  8641 | D:9      | Reached skill level 5 in Dodging
  8646 | D:9      | Reached skill level 1 in Evocations
  8863 | D:9      | Found a staircase to the Orcish Mines.
  9183 | D:10     | Entered Level 10 of the Dungeon
  9213 | D:10     | Found a shadowy altar of Dithmenos.
  9339 | D:10     | Noticed Josephine
  9347 | D:10     | Killed Josephine
  9511 | D:10     | Noticed a rakshasa
  9524 | D:10     | Killed a rakshasa
  9551 | D:10     | Found Ystrull's Book Shop.
  9642 | D:10     | Found a flagged portal.
  9648 | Bailey   | Entered a bailey
 10160 | Bailey   | Reached ***** piety under Makhleb
 10270 | D:10     | Noticed a two-headed ogre
 10277 | D:10     | Killed a two-headed ogre
 10278 | D:10     | Reached XP level 12. HP: 24/91 MP: 0/0
 10509 | D:10     | Found a staircase to the Lair.
 10747 | Lair:1   | Entered Level 1 of the Lair of Beasts
 10868 | Lair:1   | Reached skill level 10 in Fighting
 11048 | Lair:1   | Reached skill level 5 in Evocations
 11159 | Lair:1   | HP: 1/92 [elephant (12)]
 11159 | Lair:1   | Slain by an elephant

Illustrated notes

Levels and vault maps discovered:
D:1:      scummos_arrival_simple_crosswalls, layout_loops_ring
D:2:      layout_loops_ring
D:3:      layout_basic
D:4:      layout_rooms, nemelex_altar_shiori, lightli_temple_of_fire,
          gup_sewer_entry_pipe, chequers_serial_rivers_micro_c, uniq_robin
D:5:      minmay_clustersquares, layout_cave_pools, tgw_kikubaaqudgha,
          serial_rivers, chequers_serial_rivers_large_a,
          chequers_serial_rivers_marsh, chequers_serial_rivers_room_b,
          chequers_serial_rivers_small_b, kennysheep_decorative_pillar,
          sigmund_army
D:6:      layout_cave_pools, trog_book, minmay_temple_entry_butterflies
D:7:      hangedman_cross_stitches, layout_gridville, minmay_mini_ossuary,
          uniq_menkaure
D:8:      layout_cave_pods, zin_treasury, serial_glass, glass_columns_b,
          glass_columns_a, glass_columns_a, lightli_corner_chamber
D:9:      layout_basic, xom_confusion_cloud, orc_0_dummy
D:10:     layout_roguey, mainiacjoe_overflow_six_doors_small,
          david_lair_shrubbed, enter_bailey_2, serial_shops,
          kennysheep_mini_moat, uniq_josephine
Lair:1:   layout_small_grid, serial_bayou_shore_b, lemuel_fruit_tree

Skill      XL: |  1  2  3  4  5  6  7  8  9 10 11 12 |
---------------+-------------------------------------+-----
Fighting       | 1 2 3 4 6 7 9 10 | 10.5
Spellcasting   | 3 4 5 6 7 |  7.2
Maces & Flails | 1 2 |  2.0
Shields        | 2 4 5 |  5.0
Armour         | 2 5 7 |  7.0
Invocations    | 3 5 |  5.5
Dodging        | 3 7 |  7.0
Evocations     | 4 5 |  5.0
Stealth        | |  1.5

Action                   |  1- 3 |  4- 6 |  7- 9 | 10-12 || total
-------------------------+-------+-------+-------+-------++-------
Melee: Unarmed           |     5 |       |       |       ||     5
       Dagger            |     1 |       |       |       ||     1
       Whip              |       |    22 |    33 |    59 ||   114
 Cast: Foxfire           |    36 |    77 |   107 |   112 ||   332
       Scorch            |     3 |     9 |    25 |    58 ||    95
       Freeze            |     2 |     9 |     4 |    14 ||    29
       Kindle Blastspark |       |     2 |     3 |     2 ||     7
       Flame Wave        |       |       |     2 |    21 ||    23
       Tukima's Dance    |       |       |     6 |    38 ||    44
       Inner Flame       |       |       |       |     3 ||     3
       Summon Mana Viper |       |       |       |     3 ||     3
       Blink             |       |       |       |     1 ||     1
Evoke: Wand              |       |       |     2 |     2 ||     4
       Phantom mirror    |       |       |       |     1 ||     1
  Use: Scroll            |       |     8 |     2 |    10 ||    20
       Potion            |       |       |     2 |     1 ||     3
 Stab: Sleeping          |       |     2 |       |       ||     2
Armor: Robe              |       |     4 |    12 |     8 ||    24
       Acid dragon scale |       |       |       |    45 ||    45
Dodge: Dodged            |     4 |    14 |    34 |    81 ||   133
Block: Buckler           |       |     4 |    17 |    96 ||   117
       Reflection        |       |       |     2 |     1 ||     3

Table legend: (Time is in decaauts)
 A = Elapsed time spent in this place.
 B = Non-inter-level travel time spent in this place.
 C = Inter-level travel time spent in this place.
 D = Time resting spent in this place.
 E = Time spent auto-exploring this place.
 F = Levels seen in this place.
 G = Mean time per level.
                   A        B        C        D        E       F      G
               +--------+--------+--------+--------+--------+-----+--------+
         Total |  11171 |  10715 |    456 |   3061 |   5436 |  12 |  930.9 |
       Dungeon |  10178 |   9723 |    455 |   2662 |   5293 |  10 | 1017.8 |
          Lair |    412 |    412 |      0 |    168 |    143 |   1 |  412.0 |
        Bailey |    580 |    580 |      0 |    231 |      0 |   1 |  580.0 |
               +--------+--------+--------+--------+--------+-----+--------+

Top non-repeatable levels by time:
     D:7: 1495 daAuts
     D:8: 1381 daAuts
     D:9: 1334 daAuts
     D:5: 1150 daAuts
    D:10: 990 daAuts
     D:2: 869 daAuts
     D:6: 850 daAuts
     D:4: 849 daAuts
     D:1: 773 daAuts
  Bailey: 580 daAuts
     D:3: 482 daAuts
  Lair:1: 412 daAuts
